 Dungeon Crawl Stone Soup version 0.31-a0-369-g8eba5f6939 (webtiles) character file.

Game seed: 1895973570772047907

46 shadowstone the Shield-Bearer (level 3, 0/29 HPs)
             Began as a Formicid Fighter on July 28, 2023.
             Slain by Sigmund
             ... wielding a +0 scythe
              (7 damage)
             ... on level 2 of the Dungeon.
             The game lasted 00:03:07 (1424 turns).

shadowstone the Shield-Bearer (Formicid Fighter)    Turns: 1424, Time: 00:03:07

Health: 0/29       AC:  8    Str: 20    XL:     3   Next: 95%
Magic:  3/3        EV:  9    Int:  7    God:
Gold:   138        SH:  0    Dex: 15    Spells: 2/2 levels left

rFire   . . .        a - +0 rapier
rCold   . . .        c - +0 buckler
rNeg    . . .        b - +0 scale mail
rPois   .            (helmet unavailable)
rElec   .            (no cloak)
rCorr   .            m - +0 pair of gloves
SInv    +            (no boots)
Will    .....        (no amulet) Stlth
                     (no ring)
HPRegen 0.24/turn    (no ring)
MPRegen 0.08/turn

%: no passive effects
@: confused
A: permanent stasis, dig shafts and tunnels, antennae 3, four strong arms
a: Dig, Shaft Self


You were on level 2 of the Dungeon.
You visited 1 branch of the dungeon, and saw 2 of its levels.

You collected 138 gold pieces.

Inventory:

Hand Weapons
 a - a +0 rapier (weapon)
Armour
 b - a +0 scale mail (worn)
 c - a +0 buckler (worn)
 m - a +0 pair of gloves (worn)
Jewellery
 l - a ring of wizardry
Scrolls
 e - a scroll of identify {unknown}
 h - a scroll of noise {unknown}
 i - 4 scrolls of amnesia {unknown}
Potions
 d - a potion of might
 f - a potion of resistance {unknown}
 g - a potion of attraction {unknown}
 j - a potion of haste {unknown}
 k - a potion of brilliance {unknown}


   Skills:
 + Level 3.5 Fighting
 + Level 2.8 Short Blades
 + Level 3.5 Armour
 + Level 0.4 Dodging
 + Level 4.6 Shields


You had 2 spell levels left.
You didn't know any spells.
Your spell library contained the following spells:

 Spells                   Type           Power      Damage    Failure   Level
 Summon Small Mammal      Summ           0%         N/A       85%         1
 Call Canine Familiar     Summ           0%         N/A       99%         3
 Summon Guardian Golem    Hex/Summ       0%         N/A       99%         3


Dungeon Overview and Level Annotations

Branches:
Dungeon (2/15)

Altars:

Annotations:
D:2 1 runed translucent door, Crazy Yiuf, Sigmund


Innate Abilities, Weirdness & Mutations

You cannot be hasted, slowed, berserked, paralysed or teleported.
You can dig through walls and to a lower floor.
You have a pair of large antennae on your head. (SInv)
Your four strong arms can wield two-handed weapons with a shield.


Message History

The ball python barely misses you. The ball python constricts you.
You hit the ball python.
You kill the ball python!
l - a ring of wizardry
There are no items here.
Found 35 gold pieces.
The jelly quivers.
The goblin shouts!
The adder hisses angrily.
You now have 138 gold pieces (gained 15).
You see here a +0 pair of gloves.
m - a +0 pair of gloves You start putting on your armour.
You continue putting on your +0 pair of gloves. x4
You finish putting on your +0 pair of gloves.
You open the door.
Found a helmet.
Sigmund the Dreaded comes into view.
He is wielding a +0 scythe.
Sigmund gestures at you while chanting. You resist with some effort.
There is an open door here.
An adder comes into view.
The adder hisses angrily.
Sigmund says, "Look into my eyes."
Sigmund hits you from afar with a +0 scythe.
You puncture the adder!
The adder is severely wounded.
The adder bites you. Sigmund closely misses you.
You miss the adder.
The adder is severely wounded.
The adder bites you. You block the adder's attack.
You hit the adder.
You kill the adder!
Sigmund points at you and mumbles some strange words.
You are confused.
Sigmund hits you from afar with a +0 scythe!
Sigmund hits you from afar with a +0 scythe.
* * * LOW HITPOINT WARNING * * *
Sigmund hits you with a +0 scythe!
You die...

### #...# # #..#$.
#)..# # ###.##.J{
##(..# #
#....#{{{##....###
#.... ###...##..
#[..# ###....####
#...####.....## #
##.@.#.......##
### #.@..'......##
#.. #...##....###
###
#...#############
#...# #....##
#...# ####..#
#...# ##.## #####
#..# ##.# #.#


You could see Sigmund.

Vanquished Creatures
  An adder (D:2)
  3 dart slugs
  An endoplasm (D:2)
  4 giant cockroaches
  A goblin (D:2)
  2 hobgoblins (D:2)
  3 jackals (D:1)
  3 kobolds
  A quokka (D:2)
  4 ball pythons
  5 bats
  2 frilled lizards
  2 rats (D:1)
32 creatures vanquished.

Notes
Turn   | Place    | Note
-------+----------+-------------------------------------------
     0 | D:1      | shadowstone the Formicid Fighter began the quest for the
                  | Orb.
     0 | D:1      | Reached XP level 1. HP: 18/18 MP: 1/1
   150 | D:1      | Reached XP level 2. HP: 18/24 MP: 2/2
   658 | D:2      | Reached XP level 3. HP: 29/29 MP: 3/3
   992 | D:2      | Found a runed translucent door.
   993 | D:2      | Noticed Crazy Yiuf
  1415 | D:2      | Noticed Sigmund
  1424 | D:2      | Slain by Sigmund

Illustrated notes

Levels and vault maps discovered:
D:1:      saegor_arrival_simple_b, layout_rooms, patterned_corridor
D:2:      layout_basic, lightli_corner_chamber, uniq_crazy_yiuf_cottage,
          uniq_sigmund

Action                     || total
---------------------------++-------
  Melee: Rapier            ||   131
Ability: Dig               ||     2
 Armour: Scale mail        ||   106
  Dodge: Dodged            ||   106
  Block: Buckler           ||    70

Table legend: (Time is in decaauts)
 A = Elapsed time spent in this place.
 B = Non-inter-level travel time spent in this place.
 C = Inter-level travel time spent in this place.
 D = Time resting spent in this place.
 E = Time spent auto-exploring this place.
 F = Levels seen in this place.
 G = Mean time per level.
                   A        B        C        D        E       F      G
               +--------+--------+--------+--------+--------+-----+--------+
         Total |   1438 |   1438 |      0 |      0 |    698 |   2 |  719.0 |
       Dungeon |   1438 |   1438 |      0 |      0 |    698 |   2 |  719.0 |
               +--------+--------+--------+--------+--------+-----+--------+

Top non-repeatable levels by time:
     D:2: 831 daAuts
     D:1: 606 daAuts
